 Dungeon Crawl Stone Soup version 0.29.1-2-gbd0b4ee654 (webtiles) character file.

Game seed: 14807416575249305152

6041 qeuew the Nimble (level 10, -12/80 HPs)
             Began as a Merfolk Gladiator on Nov 10, 2022.
             Was an Initiate of Gozag.
             Mangled by Gastronok (32 damage)
             ... on level 10 of the Dungeon.
             The game lasted 00:14:04 (8037 turns).

qeuew the Nimble (Merfolk Gladiator)                Turns: 8037, Time: 00:14:04

Health: -12/80     AC: 10    Str: 20    XL:     10   Next: 86%
Magic:  10/10      EV: 15    Int:  9    God:    Gozag
Gold:   353        SH:  0    Dex: 15    Spells: 9/9 levels left

rFire   . . .      SeeInvis .   p - +7 war axe "Killer Klown's Peril" {vorpal, rCorr Int+2}
rCold   . . .      Faith    .   (no shield)
rNeg    . . .      Spirit   .   d - +2 ring mail {rPois}
rPois   +          Reflect  .   c - +0 helmet
rElec   .          Harm     .   (no cloak)
rCorr   +          Rampage  .   i - +0 pair of gloves
Will    .....                   (no boots)
Stlth   +.........              n - amulet of regeneration
HPRegen 1.03/turn               (no ring)
MPRegen 0.12/turn               (no ring)

@: mighty, brilliant
A: (nimble swimmer 2), mertail
a: Renounce Religion, Potion Petition, Call Merchant, Bribe Branch


You were on level 10 of the Dungeon.
You worshipped Gozag.
Gozag was aware of your devotion.
You visited 2 branches of the dungeon, and saw 11 of its levels.

You collected 1312 gold pieces.
You spent 97 gold pieces at shops.
You paid 862 gold pieces to Gozag.

Inventory:

Hand Weapons
 a - a +0 trident
 p - the +7 war axe "Killer Klown's Peril" (weapon) {vorpal, rCorr Int+2}
   (You found it on level 2 of the Dungeon)

   It inflicts extra damage upon your enemies.
   Int:       It affects your intelligence (+2).
   rCorr:     It protects you from acid and corrosion.
Missiles
 e - 12 javelins (quivered)
Armour
 c - a +0 helmet (worn)
 d - a +2 ring mail of poison resistance (worn)
 i - a +0 pair of gloves (worn)
Jewellery
 g - a ring of see invisible
 n - an amulet of regeneration (around neck)
Wands
 b - a wand of roots (6)
 C - a wand of polymorph (5)
Scrolls
 f - a scroll of amnesia
 j - a scroll of enchant weapon
 m - 2 scrolls of butterflies
 q - 3 scrolls of teleportation
 s - a scroll of acquirement
 t - a scroll of enchant armour
 w - 2 scrolls of identify
 y - a scroll of poison
 D - a scroll of silence
Potions
 h - 2 potions of flight
 k - a potion of resistance
 l - a potion of curing
 o - a potion of mutation
 u - a potion of brilliance
 v - a potion of haste
 x - 3 potions of cancellation
 z - a potion of invisibility
 A - a potion of magic


   Skills:
 * Level 7.8 Fighting
 * Level 5.2(6.2) Axes
 + Level 7.8(9.5) Polearms
 * Level 7.1 Throwing
 * Level 5.0 Armour
 * Level 9.9 Dodging


You had 9 spell levels left.
You didn't know any spells.
Your spell library contained the following spells:

 Spells                   Type           Power      Damage    Failure   Level
 Freeze                   Ice            0%         1d3       54%         1
 Summon Small Mammal      Summ           0%         N/A       54%         1
 Call Canine Familiar     Summ           0%         N/A       89%         3
 Frozen Ramparts          Ice            0%         1d1       89%         3
 Summon Guardian Golem    Hex/Summ       0%         N/A       89%         3
 Tukima's Dance           Hex            0%         N/A       89%         3
 Fulminant Prism          Conj/Hex       0%         3d6       100%        4
 Hailstorm                Conj/Ice       0%         3d3       100%        4


Dungeon Overview and Level Annotations

Branches:
Dungeon (10/15)            Temple (1/1) D:4            Lair (0/5) D:9
    Orc: D:9-12

Altars:
Ashenzari
Cheibriados
Dithmenos
Elyvilon
Fedhas
Gozag
Hepliaklqana
Kikubaaqudgha
Makhleb
Nemelex Xobeh
Okawaru
Qazlal
Ru
Sif Muna
Trog
Uskayaw
Vehumet
Wu Jian
Xom
Yredelemnul
Zin
The Shining One

Shops:
D:2 *   D:5 ?   D:6 :

Annotations:
D:9 Harold
D:10 Gastronok


Innate Abilities, Weirdness & Mutations

((You are very nimble when in or above water. (Stealth+, EV+, Speed+++)))
Your lower body shifts to a powerful aquatic tail in water.


Message History

You slash Gastronok!
Gastronok is lightly wounded.
Gastronok casts a spell.
Gastronok puts on a burst of speed!
You slash Gastronok!
Gastronok is moderately wounded.
You slash Gastronok!
Gastronok is moderately wounded.
Gastronok completely misses you.
You slash Gastronok!
Gastronok is heavily wounded.
You hit Gastronok.
Gastronok is heavily wounded.
Gastronok waves his eye-stalks in wide circles.
The air twists around and strikes you!!
You slash Gastronok!
Gastronok is heavily wounded.
Gastronok waves his eye-stalks in wide circles.
The air twists around and strikes you!!
* * * LOW HITPOINT WARNING * * *
You are too injured to fight recklessly! [a] - 532 gold - heal wounds, haste and brilliance [b] - 600 gold - might, brilliance, heal wounds, curing and magic [c] - 300 gold - brilliance, magic and curing Purchase which effect?
You no longer have enough gold to petition Gozag for potion effects.
You no longer have enough gold to fund merchants seeking to open stores in the dungeon.
You feel very mighty all of a sudden.
You feel clever all of a sudden.
You feel much better.
You feel better. Magic courses through your body.
You slash Gastronok!
Gastronok is severely wounded.
Gastronok bites you!
* * * LOW HITPOINT WARNING * * *
You hit Gastronok.
Gastronok is severely wounded.
You slash Gastronok!
Gastronok is almost dead.
Gastronok bites you!!
You die...
Your body crumbles into a pile of gold.

$ ... #.# . .
..##.# $.. .#....#
#. .....# ##..
#.#.#
.....#...#########
.#................
.......<<$@w......
..................
$#................
..................
.................?
>.................
.................#
..................


You could see Gastronok (swift).

Vanquished Creatures
  2 two-headed ogres
  Joseph (D:9)
  A komodo dragon (D:9)
  Prince Ribbit (D:7)
  A hornet (D:9)
  2 steam dragons
  A wyvern (D:9)
  A black bear (D:7)
  A sky beast (D:7)
  2 ice beasts (D:7)
  2 orc warriors
  3 centaurs
  4 kobold brigands
  5 bullfrogs
  2 necrophages
  11 wights
  4 scorpions
  5 killer bees (D:9)
  2 electric eels (D:8)
  A gnoll bouda (D:5)
  3 jellies
  2 orc priests
  6 hounds
  Jessica (D:3)
  3 iguanas
  6 orc wizards
  8 gnolls (D:5)
  11 adders
  A shadow imp (D:5)
  A white imp (D:8)
  4 worms
  3 dart slugs
  19 orcs
  11 endoplasms
  13 goblins
  7 hobgoblins
  9 jackals
  33 kobolds
  2 quokkas
  11 ball pythons
  9 bats
  4 frilled lizards
  5 rats
224 creatures vanquished.

Vanquished Creatures (others)
  A kobold (D:9)
  5 fungi (D:5)
  15 plants
21 creatures vanquished.

Grand Total: 245 creatures vanquished

Notes
Turn   | Place    | Note
-------+----------+-------------------------------------------
     0 | D:1      | qeuew the Merfolk Gladiator began the quest for the Orb.
     0 | D:1      | Reached XP level 1. HP: 16/16 MP: 1/1
   214 | D:1      | Reached XP level 2. HP: 22/23 MP: 2/2
   895 | D:2      | Reached XP level 3. HP: 19/28 MP: 3/3
  1071 | D:2      | Identified the +7 war axe "Killer Klown's Peril" {vorpal,
                  | rCorr Int+2}
  1536 | D:2      | Reached XP level 4. HP: 34/34 MP: 4/4
  1594 | D:2      | Found Rooluallo's Assorted Antiques.
  2037 | D:3      | Reached skill level 1 in Armour
  2139 | D:3      | Noticed Jessica
  2141 | D:3      | Killed Jessica
  2142 | D:3      | Reached XP level 5. HP: 41/41 MP: 5/5
  2261 | D:3      | Reached skill level 5 in Dodging
  2305 | D:3      | Reached skill level 5 in Polearms
  2527 | D:4      | Got Sunlaphim's Volume of Spellbinding
  2555 | D:4      | Reached skill level 1 in Axes
  2555 | D:4      | Reached XP level 6. HP: 43/47 MP: 6/6
  2902 | D:4      | Found a staircase to the Ecumenical Temple.
  2912 | Temple   | Entered the Ecumenical Temple
  2958 | Temple   | Became a worshipper of Gozag Ym Sagoz the Greedy
  3092 | D:5      | Entered Level 5 of the Dungeon
  3130 | D:5      | Reached XP level 7. HP: 53/53 MP: 7/7
  3272 | D:5      | Reached skill level 6 in Dodging
  3447 | D:5      | Found Resuh's Magic Scroll Emporium.
  3458 | D:5      | Bought a scroll of blinking for 97 gold pieces
  3869 | D:5      | Noticed a two-headed ogre
  3881 | D:5      | Killed a two-headed ogre
  3882 | D:5      | Reached skill level 5 in Fighting
  3882 | D:5      | Reached skill level 7 in Dodging
  3882 | D:5      | Reached XP level 8. HP: 43/62 MP: 8/8
  4069 | D:5      | Identified a scroll of acquirement
  4224 | D:6      | Found Enuer's Vocational Training.
  4296 | D:6      | Found an ancient bone altar of Kikubaaqudgha.
  4300 | D:6      | Found a blossoming altar of Fedhas.
  4348 | D:6      | Reached skill level 5 in Throwing
  4368 | D:6      | Reached XP level 9. HP: 68/68 MP: 9/9
  4866 | D:7      | Found a white marble altar of Elyvilon.
  4871 | D:7      | Reached skill level 8 in Dodging
  5183 | D:7      | Found a stormy altar of Qazlal.
  5184 | D:7      | Found a basalt altar of Yredelemnul.
  5184 | D:7      | Found an ornate altar of the Wu Jian Council.
  5184 | D:7      | Found a shimmering blue altar of Sif Muna.
  5185 | D:7      | Found a radiant altar of Vehumet.
  5185 | D:7      | Found a broken altar of Ashenzari.
  5185 | D:7      | Found a burning altar of Makhleb.
  5185 | D:7      | Found a snail-covered altar of Cheibriados.
  5193 | D:7      | Found a glowing silver altar of Zin.
  5204 | D:7      | Found an iron altar of Okawaru.
  5204 | D:7      | Found a glowing golden altar of the Shining One.
  5353 | D:7      | Noticed Prince Ribbit
  5372 | D:7      | Killed Prince Ribbit
  5757 | D:8      | Reached XP level 10. HP: 75/77 MP: 10/10
  5875 | D:8      | Reached skill level 9 in Dodging
  6780 | D:9      | Paralysed by a hornet for 3 turns
  7145 | D:9      | Noticed a two-headed ogre
  7152 | D:9      | Killed a two-headed ogre
  7153 | D:9      | Reached skill level 5 in Axes
  7201 | D:9      | Noticed Joseph
  7216 | D:9      | HP: 3/79 [Joseph/+0 quarterstaff (11)]
  7219 | D:9      | Killed Joseph
  7220 | D:9      | Reached skill level 5 in Armour
  7319 | D:9      | Found a staircase to the Lair.
  7792 | D:10     | Entered Level 10 of the Dungeon
  7793 | D:10     | Noticed Harold
  7807 | D:10     | Noticed Gastronok
  8037 | D:10     | Mangled by Gastronok

Illustrated notes

Levels and vault maps discovered:
D:1:      minmay_arrival_glassed_features, layout_loops_ring
D:2:      layout_loops_cross, serial_shops, nicolae_shop_overgrown_old_shop,
          minmay_goblin_outpost
D:3:      minmay_angry_zag, layout_rooms, uniq_jessica
D:4:      layout_rooms, minmay_temple_entry_poolview
D:5:      layout_loops_corners, serial_shops, nicolae_square_shop,
          dreamdust_gnoll_farm
D:6:      layout_loops_ring, grunt_temple_overflow_growth_and_decay,
          st_stairs_8, nicolae_shop_vocational
D:7:      layout_loops_ring, nicolae_overflows_in_rows, minmay_ruined_shrine,
          uniq_prince_ribbit1
D:8:      layout_basic, hangedman_abyss_or_decor_stabs, serial_bayou_pond_b
D:9:      layout_stronghold, david_lair_shrubbed, uniq_joseph
D:10:     layout_rooms, uniq_harold, uniq_gastronok
Temple:   nicolae_temple_cloud_nine

Skill      XL: |  1  2  3  4  5  6  7  8  9 10 |
---------------+-------------------------------+-----
Armour         | 1 2 3 4 5 |  5.0
Fighting       | 3 5 6 7 |  7.8
Dodging        | 5 7 8 9 |  9.9
Throwing       | 3 4 5 6 7 |  7.1
Polearms       | 5 6 7 |  7.8
Axes           | 1 2 3 4 5 |  5.2

Action                   |  1- 3 |  4- 6 |  7- 9 | 10-12 || total
-------------------------+-------+-------+-------+-------++-------
Melee: Trident           |   133 |    24 |       |       ||   157
       Tailslap          |     1 |       |       |       ||     1
       War axe           |       |   101 |   193 |   138 ||   432
       Punch             |       |       |     2 |       ||     2
Throw: Throwing net      |       |       |     4 |     3 ||     7
       Javelin           |       |       |       |     1 ||     1
Invok: Potion Petition   |       |       |       |     2 ||     2
  Use: Scroll            |     3 |     8 |     5 |     5 ||    21
       Potion            |     2 |     4 |       |     8 ||    14
 Stab: Held in net/web   |       |       |     2 |     1 ||     3
       Distracted        |       |       |     1 |       ||     1
       Invisible         |       |       |       |     3 ||     3
Armor: Leather armour    |     4 |       |       |       ||     4
       Ring mail         |    24 |    40 |    63 |    58 ||   185
Dodge: Dodged            |    61 |    85 |   157 |   165 ||   468
